 Dungeon Crawl Stone Soup version 0.23.2-30-g0e89c35649 (webtiles) character file.

Game seed: 9538520676242857750

53 Solarlg the Chopper (level 4, -6/35 HPs)
             Began as a Formicid Fighter on June 10, 2019.
             Mangled by a gnoll
             ... wielding a +0 halberd
              (10 damage)
             ... on level 2 of the Dungeon.
             The game lasted 00:03:06 (1319 turns).

Solarlg the Chopper (Formicid Fighter)              Turns: 1319, Time: 00:03:06

Health: -6/35      AC:  6    Str: 21    XL:     4   Next: 11%
Magic:  4/4        EV:  7    Int:  8    God:
Gold:   30         SH:  9    Dex: 10    Spells: 3/3 levels left

rFire    . . .     SeeInvis +   a - +0 war axe
rCold    . . .     Gourm    .   c - +0 shield
rNeg     . . .     Faith    .   b - +0 scale mail
rPois    .         Spirit   .   (helmet unavailable)
rElec    .         Reflect  .   (no cloak)
rCorr    .         Harm     .   (no gloves)
MR       .....                  (no boots)
Stlth    ..........             (no amulet)
HPRegen  0.11/turn              (no ring)
MPRegen  0.09/turn              (no ring)

@: no status effects
A: permanent stasis, dig shafts and tunnels, four strong arms, antennae 3
a: Dig, Shaft Self


You were on level 2 of the Dungeon.
You were hungry.

You visited 1 branch of the dungeon, and saw 2 of its levels.

You collected 30 gold pieces.

Inventory:

Hand Weapons
 a - a +0 war axe (weapon)
Armour
 b - a +0 scale mail (worn)
 c - a +0 shield (worn)
Scrolls
 g - a scroll of teleportation {unknown}
 i - a scroll of enchant armour {unknown}
Potions
 d - a potion of might
 e - a potion of flight {unknown}
 h - a potion of heal wounds {unknown}
 j - a potion of ambrosia {unknown}
 k - a potion of resistance {unknown}
 l - a potion of agility {unknown}
 m - a potion of curing {unknown}
Comestibles
 f - 4 rations


   Skills:
 - Level 3.3 Fighting
 + Level 4.0 Axes
 - Level 3.3 Armour
 - Level 3.6 Shields


You had 3 spell levels left.
You didn't know any spells.
Your spell library contained the following spells:

 Spells                   Type           Power        Failure   Level  Hunger
 Animate Skeleton         Necr           N/A          98%         1    ##.....
 Apportation              Tloc           #.....       98%         1    ##.....
 Confusing Touch          Hex            #.....       98%         1    ##.....
 Summon Small Mammal      Summ           #...         98%         1    ##.....


Dungeon Overview and Level Annotations

Branches:
Dungeon (2/15)

Altars:


Innate Abilities, Weirdness & Mutations

You cannot be hasted, slowed, berserked, paralysed or teleported.
You can dig through walls and to a lower floor.
Your four strong arms can wield two-handed weapons with a shield.
You have a pair of large antennae on your head. (SInv)


Message History

You are too injured to fight recklessly!
You are too injured to fight recklessly!
You are too injured to fight recklessly!
You are too injured to fight recklessly!
Your scale mail prevents you from hitting the gnoll.
You block the gnoll's attack.
You hit the gnoll.
The gnoll is lightly wounded.
The gnoll barely misses you. The gnoll hits you with a +0 halberd.
* * * LOW HITPOINT WARNING * * *
You barely miss the gnoll.
The gnoll is lightly wounded.
The gnoll hits you but does no damage.
You slash the gnoll!
The gnoll is almost dead.
You block the gnoll's attack.
Your shield and scale mail prevent you from hitting the gnoll.
The gnoll is almost dead.
The gnoll hits you with a +0 halberd!
You die...

### #..# #......#.# .#. .#
##P.##..# #......#.# .# ..
#P...#..###[.....#.#####.#### #.
##..##..........w#..........####.
######...........................
.................................
................g...)............
.......).....###g#...##..........
.............# #@#...##........÷.
....########## #.#...##..........
....# #######÷..##..........
....# #.........##..........
....# #.........##..........
....# #.........##..........
....# #.........##....(.....
....# #.......####..........
##### #.......# ###########


You could see a worm and 2 gnolls.

Vanquished Creatures
  2 adders (D:2)
  2 oozes
  A dart slug (D:1)
  A ball python (D:1)
  A giant cockroach (D:2)
  2 goblins
  A hobgoblin (D:2)
  3 jackals (D:2)
  4 bats
  4 frilled lizards
  4 kobolds
  2 rats
27 creatures vanquished.

Notes
Turn   | Place    | Note
-------+----------+-------------------------------------------
     0 | D:1      | Solarlg the Formicid Fighter began the quest for the Orb.
     0 | D:1      | Reached XP level 1. HP: 18/18 MP: 1/1
   242 | D:1      | Reached XP level 2. HP: 23/24 MP: 2/2
   525 | D:1      | Reached skill level 3 in Axes
   800 | D:2      | Reached XP level 3. HP: 23/29 MP: 3/3
  1070 | D:2      | Reached skill level 4 in Axes
  1070 | D:2      | Reached XP level 4. HP: 23/35 MP: 4/4
  1319 | D:2      | Mangled by a gnoll

Skill      XL: |  1  2  3 |
---------------+----------+-----
Axes           | 3 4 |  4.0
Fighting       | |  3.3
Armour         | |  3.3
Shields        | |  3.6

Action                   |  1- 3 |  4- 6 || total
-------------------------+-------+-------++-------
Melee: War axe           |    89 |     9 ||    98
 Abil: Dig               |       |     1 ||     1
  Eat: Chunk             |     1 |       ||     1
Armor: Scale mail        |    40 |     1 ||    41
Dodge: Dodged            |    35 |     1 ||    36
Block: Shield            |    55 |     4 ||    59
